 Dungeon Crawl Stone Soup version 0.25.0-11-g1f837a76a1 (webtiles) character file.

Game seed: 7003489200396351863

16 sentinel the Gusty (level 2, 0/24 HPs)
             Began as a Hill Orc Air Elementalist on June 26, 2020.
             Slain by an ogre
             ... wielding a +0 giant club
              (13 damage)
             ... on level 2 of the Dungeon.
             The game lasted 00:01:34 (1360 turns).

sentinel the Gusty (Hill Orc Air Elementalist)      Turns: 1360, Time: 00:01:35

Health: 0/24       AC:  4    Str: 10    XL:     2   Next: 54%
Magic:  0/4        EV: 11    Int: 15    God:
Gold:   30         SH:  0    Dex: 11    Spells: 3/4 levels left

rFire    . . .     SeeInvis .   n - +0 dagger
rCold    . . .     Gourm    .   (no shield)
rNeg     . . .     Faith    .   k - +0 leather armour (curse)
rPois    .         Spirit   .   (no helmet)
rElec    .         Reflect  .   (no cloak)
rCorr    .         Harm     .   (no gloves)
MR       .....                  l - +0 pair of boots
Stlth    +.........             (no amulet)
HPRegen  0.08/turn              (no ring)
MPRegen  0.09/turn              (no ring)

@: very slightly contaminated
A: no striking features
a: no special abilities


You were on level 2 of the Dungeon.
You were very hungry.

You visited 1 branch of the dungeon, and saw 2 of its levels.

You collected 30 gold pieces.

Inventory:

Hand Weapons
 b - a +0 hand axe
 n - a +0 dagger (weapon)
Armour
 a - a +0 robe
 k - a cursed +0 leather armour (worn)
 l - a +0 pair of boots (worn)
Jewellery
 c - a cursed ring of attention {unknown}
Scrolls
 d - a scroll of immolation {unknown}
 f - a scroll of teleportation {unknown}
 h - a scroll of remove curse {unknown}
 i - a scroll of noise {unknown}
Potions
 g - a potion of mutation {unknown}
 j - 2 potions of degeneration {unknown}
 m - a potion of curing {unknown}
 o - a potion of berserk rage {unknown}
Comestibles
 e - 2 rations


   Skills:
 + Level 1.8 Fighting
 + Level 1.8 Axes
 - Level 1.5 Dodging
 - Level 1.5 Stealth
 - Level 1.5 Spellcasting
 - Level 1.0 Conjurations
 - Level 2.4 Air Magic


You had 3 spell levels left.
You knew the following spells:

 Your Spells              Type           Power        Failure   Level  Hunger
a - Shock                 Conj/Air       #...         16%         1    ##.....

Your spell library contained the following spells:

 Spells                   Type           Power        Failure   Level  Hunger
 Swiftness                Chrm/Air       #.......     28%         2    ###....
 Static Discharge         Conj/Air       #.......     43%         3    ####...
 Airstrike                Air            #.........   75%         4    #####..
 Lightning Bolt           Conj/Air       #.........   99%         5    ######.


Dungeon Overview and Level Annotations

Branches:
Dungeon (2/15)

Altars:


Message History

You enter the shallow water.
Moving in this stuff is going to be slow.
You enter the shallow water.
Moving in this stuff is going to be slow.
You enter the shallow water.
Moving in this stuff is going to be slow.
Some of the chunks of flesh in your inventory have rotted away.
Eating one of 4 chunks of flesh.
You eat one of the 4 chunks of flesh.
You enter the shallow water.
Moving in this stuff is going to be slow.
You enter the shallow water.
Moving in this stuff is going to be slow.
You see here a +0 club.
You enter the shallow water.
Moving in this stuff is going to be slow.
All of the chunks of flesh in your inventory have rotted away.
You enter the shallow water.
Moving in this stuff is going to be slow.
Partly explored, can't reach some items and places.
Partly explored, can't reach some items and places.
Partly explored, can't reach some items and places.
Partly explored, can't reach some items and places.
Partly explored, can't reach some items and places.
Partly explored, can't reach some items and places.
Partly explored, can't reach some items and places.
Partly explored, can't reach some items and places.
Partly explored, can't reach some items and places.
Partly explored, can't reach some items and places.
Partly explored, can't reach some items and places.
Partly explored, can't reach some items and places.
Partly explored, can't reach some items and places.
(D) Dungeon
Where to? (Enter - D:1 @ (x,y), ? - help)
There is a stone staircase leading down here.
You climb downwards.
A giant cockroach comes into view.
There is a stone staircase leading up here.
You barely miss the giant cockroach. The giant cockroach closely misses you.
You hit the giant cockroach.
You kill the giant cockroach!
No target in view!
No target in view!
No target in view!
No target in view!
No target in view!
There is a stone staircase leading up here.
You climb upwards.
There is a stone staircase leading down here.
(D) Dungeon
Where to? (Enter - D:2, ? - help)
You climb downwards.
There is a stone staircase leading up here.
Found 23 arrows.
A rat comes into view.
But you're not safe! But you're not safe!
A bat comes into view.
The rat bites you but does no damage.
Found a pair of boots.
You barely miss the rat. The rat completely misses you.
You hit the rat. The rat barely misses you.
You barely miss the rat. The rat barely misses you.
You closely miss the rat. The rat bites you but does no damage.
You hit the rat but do no damage. The rat bites you but does no damage.
You hit the rat but do no damage. The rat bites you but does no damage.
You hit the rat but do no damage. The rat closely misses you.
But you're not safe!
You hit the rat.
You kill the rat!
No target in view!
No target in view!
No target in view!
No target in view!
You see here a rat corpse.
A worm comes into view.
Found 13 arrows.
You see here a pair of boots.
l - a pair of boots Keep equipping yourself?
You start putting on your armour.
You continue putting on your pair of boots. x4
You finish putting on your +0 pair of boots.
Aim: a worm The zap hits the worm.
The worm misses you.
You hit the worm but do no damage. You barely miss the worm.
The worm bites you.
You hit the worm. You hit the worm. The worm bites you!
The worm closely misses you.
Aim: a worm The zap hits the worm.
Aim: a worm (lightly wounded)
The zap hits the worm.
You see here a rat corpse.
Aim: a worm (lightly wounded)
The zap hits the worm.
Aim: a worm (moderately wounded)
The zap hits the worm.
The bat barely misses you. The bat hits you but does no damage.
The bat hits you. The bat barely misses you.
The bat hits you but does no damage.
There is a stone staircase leading up here.
The bat hits you but does no damage.
You climb upwards.
There is a stone staircase leading down here.
You are feeling hungry.
Partly explored, can't reach some items and places.
(D) Dungeon
Where to? (Enter - D:2, ? - help)
You climb downwards.
The bat hits you.
There is a stone staircase leading up, spattered with blood here.
(D) Dungeon
Where to? (Enter - D:2, ? - help)
There are monsters nearby!
The bat closely misses you.
You climb upwards.
There is a stone staircase leading down here.
You enter the shallow water.
Moving in this stuff is going to be slow.
You enter the shallow water.
Moving in this stuff is going to be slow.
There is a stone staircase leading down here.
You climb downwards.
There is a stone staircase leading up here.
o - a bubbling clear potion An ogre comes into view.
It is wielding a +0 giant club.
But you're not safe! But you're not safe! But you're not safe!
You are feeling very hungry.
The helpless ogre fails to defend itself.
You hit the ogre. The ogre closely misses you.
You hit the ogre. The ogre barely misses you.
You hit the ogre. The ogre barely misses you.
The zap hits the ogre. x2
You miscast Shock.
You are very lightly contaminated with residual magic.
Nothing appears to happen.
The ogre closely misses you.
You miscast Shock.
Nothing appears to happen.
The ogre closely misses you.
You miscast Shock.
Nothing appears to happen.
The ogre closely misses you.
You hit the ogre. You hit the ogre but do no damage.
The ogre closely misses you. The ogre hits you with a +0 giant club!
You hit the ogre but do no damage. The ogre hits you with a +0 giant club!
Ouch! That really hurt!
You die...

.. #........#####
#............ #.
.........######## #.
.............<.# #.
#.......###...#
#.####...........#.##
#..O.#......######...
####@#......######.##
#...####..........
##### #####......
#........ #........
#.....### #.....#
#.....# #.....#


You could see an ogre.

Vanquished Creatures
  A dart slug (D:1)
  A giant cockroach (D:2)
  3 hobgoblins (D:1)
  A frilled lizard (D:1)
  4 goblins (D:1)
  4 rats
14 creatures vanquished.

Vanquished Creatures (others)
  A goblin (D:1)
  A bat (D:1)
2 creatures vanquished.

Grand Total: 16 creatures vanquished

Notes
Turn   | Place    | Note
-------+----------+-------------------------------------------
     0 | D:1      | sentinel the Hill Orc Air Elementalist began the quest for
                  | the Orb.
     0 | D:1      | Reached XP level 1. HP: 14/14 MP: 3/3
   171 | D:1      | Reached skill level 1 in Fighting
   171 | D:1      | Reached skill level 1 in Axes
   402 | D:1      | Reached XP level 2. HP: 12/23 MP: 1/4
  1345 | D:2      | Noticed an ogre
  1360 | D:2      | Slain by an ogre

Illustrated notes

Levels and vault maps discovered:
D:1:      dpeg_arrival_round_a, layout_loops_ring, serial_rivers,
          chequers_serial_rivers_marsh, chequers_serial_rivers_micro_b,
          chequers_serial_rivers_small_3, chequers_serial_rivers_micro_d,
          lemuel_old_faithful
D:2:      layout_basic, lemuel_round_altar, uniq_natasha, uniq_terence,
          uniq_sigmund

Skill      XL: |  1 |
---------------+----+-----
Fighting       | 1 |  1.8
Axes           | 1 |  1.8
Dodging        | |  1.5
Stealth        | |  1.5
Spellcasting   | |  1.5
Conjurations   | |  1.0
Air Magic      | |  2.4

Action                   || total
-------------------------++-------
Melee: Unarmed           ||    20
       Dagger            ||    28
 Cast: Shock             ||    23
 Stab: Sleeping          ||     2
  Eat: Chunk             ||     1
Armor: Leather armour    ||    11
Dodge: Dodged            ||    30
